 Dungeon Crawl Stone Soup version 0.25.1-2-g60ff931df9 (webtiles) character file.

Game seed: 10885406104957022153

96 DantalionR the Covered (level 4, -9/40 HPs)
             Began as a Hill Orc Fighter on Sept 22, 2020.
             Mangled by an orc warrior
             ... wielding a +0 short sword
              (21 damage)
             ... on level 3 of the Dungeon.
             The game lasted 00:25:23 (2809 turns).

DantalionR the Covered (Hill Orc Fighter)           Turns: 2809, Time: 00:25:25

Health: -9/40      AC:  7    Str: 18 (19) XL:     4   Next: 67%
Magic:  4/4        EV:  7    Int:  5 (8)  God:
Gold:   138        SH:  9    Dex:  9 (10) Spells: 3/3 levels left

rFire    . . .     SeeInvis .   a - +3 war axe
rCold    . . .     Gourm    .   c - +0 kite shield
rNeg     . . .     Faith    .   b - +0 scale mail
rPois    .         Spirit   .   (no helmet)
rElec    .         Reflect  .   (no cloak)
rCorr    .         Harm     .   (no gloves)
MR       .....     Rnd*Tele +   (no boots)
Stlth    ..........             (no amulet)
HPRegen  0.13/turn              d - ring of teleportation (curse)
MPRegen  0.09/turn              (no ring)

@: mighty
A: no striking features
a: no special abilities


You were on level 3 of the Dungeon.
You were not hungry.

You visited 1 branch of the dungeon, and saw 3 of its levels.

You collected 138 gold pieces.

Inventory:

Hand Weapons
 a - a +3 war axe (weapon)
 e - a +0 hand axe
 g - a +0 whip
 i - a +4 short sword of draining
 l - a +0 dagger
 n - a +0 dagger
 o - a +0 short sword
 p - a +0 hunting sling
 r - a +0 club
 t - a +0 club
 u - a +0 dagger
Missiles
 m - 28 arrows
 v - 128 stones (quivered)
 x - 6 poisoned darts
Armour
 b - a +0 scale mail (worn)
 c - a +0 kite shield (worn)
 h - a +0 cloak
 q - a +0 robe
 w - a +0 ring mail
 A - a +0 helmet
 D - a +0 scale mail
Jewellery
 d - a cursed ring of teleportation (left hand)
Wands
 B - a wand of random effects (16)
Scrolls
 y - a scroll of fog
Potions
 j - a potion of brilliance
 z - a potion of might
Comestibles
 f - 4 rations
 s - 4 chunks of flesh


   Skills:
 + Level 4.1 Fighting
 + Level 3.7 Axes
 + Level 4.2 Armour
 + Level 0.8 Dodging
 + Level 4.0 Shields


You had 3 spell levels left.
You didn't know any spells.
Your spell library was empty.

Dungeon Overview and Level Annotations

Branches:
Dungeon (3/15)

Altars:
Xom


Message History

* * * LOW HITPOINT WARNING * * *
The gnoll hits you but does no damage. The gnoll hits you with a +0 club.
* * * LOW HITPOINT WARNING * * *
The quokka barely misses you.
You feel much better. The bat barely misses you.
The bat hits you but does no damage.
A hobgoblin comes into view.
You block the bat's attack. The orc closely misses you.
The rat bites you but does no damage. The orc warrior completely misses you.
The gnoll hits you. The gnoll barely misses you.
The quokka bites you but does no damage.
The gnoll hits you with a +0 club.
You feel very mighty all of a sudden. The bat hits you but does no damage.
The orc hits you with a +0 whip. The orc hits you with a +0 dagger.
* * * LOW HITPOINT WARNING * * *
The rat bites you but does no damage. The gnoll closely misses you.
The orc warrior hits you with a +0 short sword!!
Ouch! That really hurt!
You die...

#. .# #g .# ##
##.##.# ..w
..... ## # ..#.
......##.!
#....#bg#.....#
#..K.l)gg...#
#..r@or#
#...$.oor.....#
....!..Sr.....#
#..#......#.).#
##......... ..#
#...#..#... ##
#.#
##........#####
#[# ###....##.
..# #.# #.#


You could see an orc warrior, a worm, 3 gnolls, an adder, 2 orcs, a quokka, a
hobgoblin, a bat, a kobold, a frilled lizard and 3 rats.

Vanquished Creatures
  Robin (D:2)
  A gnoll (D:1)
  An adder (D:2)
  2 worms
  A dart slug (D:1)
  2 leopard geckos (D:1)
  An orc (D:3)
  7 bats
  2 giant cockroaches (D:2)
  6 hobgoblins
  3 jackals (D:2)
  A ball python (D:3)
  5 frilled lizards
  13 goblins
  5 kobolds
  7 rats
58 creatures vanquished.

Notes
Turn   | Place    | Note
-------+----------+-------------------------------------------
     0 | D:1      | DantalionR the Hill Orc Fighter began the quest for the
                  | Orb.
     0 | D:1      | Reached XP level 1. HP: 19/19 MP: 1/1
    87 | D:1      | Reached XP level 2. HP: 17/27 MP: 2/2
   988 | D:1      | Reached XP level 3. HP: 30/33 MP: 3/3
  2207 | D:2      | Noticed Robin
  2236 | D:2      | Killed Robin
  2236 | D:2      | Reached XP level 4. HP: 29/40 MP: 4/4
  2403 | D:2      | Found a shimmering altar of Xom.
  2804 | D:3      | Noticed an orc warrior
  2809 | D:3      | Mangled by an orc warrior

Illustrated notes

Levels and vault maps discovered:
D:1:      onia_arrival_pentagram, layout_basic, grunt_decor_resistance
D:2:      layout_rooms, xom_teletrap_fun, uniq_robin
D:3:      minmay_spotlight, layout_basic, lemuel_doored_altar,
          minmay_misc_feat_plants

Skill      XL: |  1  2  3  4 |
---------------+-------------+-----
Fighting       | 4 |  4.1
Axes           | 3 |  3.7
Armour         | 4 |  4.2
Shields        | 4 |  4.0
Dodging        | |  0.8

Action                   |  1- 3 |  4- 6 || total
-------------------------+-------+-------++-------
Melee: War axe           |   137 |    51 ||   188
  Use: Scroll            |     5 |     6 ||    11
       Potion            |     6 |     4 ||    10
  Eat: Chunk             |     4 |     2 ||     6
Armor: Scale mail        |    99 |    31 ||   130
Dodge: Dodged            |    62 |    33 ||    95
Block: Kite shield       |    91 |    29 ||   120
